 Dungeon Crawl Stone Soup version 0.31.0-32-g396128a36d (webtiles) character file.

Game seed: 1353316141550481491

42 TacoSundae the Changeling (level 3, -6/17 HPs)
             Began as a Vine Stalker Shapeshifter on Apr 5, 2024.
             Killed by nerve-wracking pain
             ... invoked by Grinder
              (8 damage)
             ... on level 3 of the Dungeon.
             The game lasted 00:03:25 (1207 turns).

TacoSundae the Changeling (VSSh)                    Turns: 1207, Time: 00:03:25

Health: -6/17      AC:  2    Str: 16    XL:     3   Next: 56%
Magic:  0/4        EV: 12    Int: 10    God:
Gold:   52         SH:  0    Dex: 15    Spells: 2/2 levels left

rFire   . .          .
                       - Unarmed
rCold   . . .        (no shield)
rNeg    . . .        a - +0 animal skin
rPois   .            (helmet currently unavailable)
rElec   .            (cloak currently unavailable)
rCorr   .            (gloves currently unavailable)
SInv    +            (boots currently unavailable)
Will    .....        (no amulet)
Stlth   +            f - ring of see invisible
HPRegen 1.02/turn    (no ring)
MPRegen 0.09/turn

%: guardian spirit
@: beast-form
A: beast (slay +2), fangs 2, regeneration 1, magic shield, antimagic bite, no
potion heal 2
a: Begin Untransformation


You were on level 3 of the Dungeon.
You were a hulking beast.
You visited 1 branch of the dungeon, and saw 3 of its levels.

You collected 52 gold pieces.

Inventory:

Armour
 a - a +0 animal skin (worn)
Jewellery
 f - a ring of see invisible (left hand)
Talismans
 c - a beast talisman
 d - a flux talisman
Scrolls
 j - a scroll of teleportation {unknown}
 k - a scroll of identify {unknown}
 l - a scroll of revelation {unknown}
Potions
 b - a potion of lignification
 e - a potion of cancellation {unknown}
 g - a potion of enlightenment {unknown}
 h - a potion of brilliance {unknown}


   Skills:
 - Level 0.8 Fighting
 - Level 1.5 Dodging
 + Level 3.5 Unarmed Combat
 * Level 3.9 Shapeshifting


You had 2 spell levels left.
You didn't know any spells.
Your spell library contained the following spells:

 Spells                   Type           Power      Damage    Failure   Level
 Kiss of Death            Conj/Necr      0%         2d5       36%         1
 Confusing Touch          Hex            0%         N/A       75%         3
 Dispel Undead            Necr           0%         3d6       98%         4


Dungeon Overview and Level Annotations

Branches:
Dungeon (3/15)

Altars:

Annotations:
D:1 2 transporters
D:3 Grinder


Innate Abilities, Weirdness & Mutations

You are a hulking beast.
Your limbs bulge with bestial killing power. (Slay +2)
You have extremely sharp teeth.
Your natural rate of healing is unusually fast.
When hurt, damage is shared between your health and your magic reserves.
Your bite disrupts and absorbs the magic of your enemies.
Potions cannot restore your health.


Message History

The quokka bites you.
You closely miss the quokka.
The quokka is heavily wounded.
The quokka bites you but does no damage.
You closely miss the quokka. You bite the quokka, but do no damage.
The quokka is heavily wounded.
The quokka bites you. The quokka barely misses you.
You closely miss the quokka.
The quokka is heavily wounded.
The quokka bites you but does no damage.
You hit the quokka.
You kill the quokka!
Okay, then.
You start resting.
Magic restored.
Okay, then.
Unknown command.
You see here a quokka corpse.
Grinder shouts!
You hear a shout! x2
A gnoll comes into view. It is wielding a +0 spear.
Grinder gestures at you.
You suddenly lose the ability to move!
You hear a shout!
Grinder hits you.
You writhe in agony.
Grinder says, "DUCK!"
Grinder hits you!
* * * LOW HITPOINT WARNING * * *
You writhe in agony.
* * * LOW HITPOINT WARNING * * *
You can move again.
As you read the scroll labelled QYCYQEU MYNK, it crumbles to dust.
You hear a loud clanging noise!
It was a scroll of noise.
You hear a shout! x4; You hear a loud squeak.
A gnoll comes into view. It is wielding a +0 spear.
The gnoll misses you. Grinder gestures at you. Pain shoots through your body!
You die...
Grinder sighs, "Dead already?
I want a refund."

#### #... #..#
#..# ##.####..##
#.#....5..##g#
#.##.####h.g...#
#....†<†..$#####
####.####.## #
#.# #.. ####


You could see Grinder and 2 gnolls.

Vanquished Creatures
  An adder (D:2)
  A dart slug (D:1)
  2 ball pythons
  4 bats
  An endoplasm (D:1)
  2 giant cockroaches (D:1)
  2 hobgoblins
  2 quokkas
  2 frilled lizards
  6 goblins
  5 kobolds
  3 rats (D:1)
31 creatures vanquished.

Notes
Turn   | Place    | Note
-------+----------+-------------------------------------------
     0 | D:1      | TacoSundae the Vine Stalker Shapeshifter began the quest
                  | for the Orb.
     0 | D:1      | Reached XP level 1. HP: 9/9 MP: 2/2
   231 | D:1      | Reached XP level 2. HP: 14/14 MP: 3/3
   773 | D:2      | Reached XP level 3. HP: 17/17 MP: 4/4
  1168 | D:3      | Noticed Grinder
  1203 | D:3      | Paralysed by Grinder for 4 turns
  1207 | D:3      | Killed from afar by Grinder

Illustrated notes

Levels and vault maps discovered:
D:1:      spicycebolla_arrival_transporter_tutorial, layout_basic,
          minmay_liquid_box
D:2:      layout_rooms
D:3:      layout_loops_ring, mainiacjoe_overflow_small_starburst,
          corner_web_ring, uniq_ijyb, uniq_natasha, uniq_jessica, uniq_grinder,
          uniq_terence

Action                     || total
---------------------------++-------
  Melee: Unarmed           ||    70
         Bite              ||    12
         Punch             ||     1
    Use: Scroll            ||     1
 Armour: Animal skin       ||    44
  Dodge: Dodged            ||    39
